NULL
Full Scoreboard »»

Coyotes vs Devils

Created - April 18, 2024 at 22:13

Goals
1 2 3 T
Coyotes 1 1 1 3
Devils 0 4 0 4
Shots
1 2 3 T
Coyotes 12 8 6 26
Devils 13 16 5 34

GoalsPenalties
1st period
1. Coyotes , Matt Duchene 19 (Evgeny Kuznetsov 29) at 11:29
No Penalty
2nd period
2. Devils , Dillon Dube 10 (Anton Lundell 19) at 10:38
3. Devils , Nick Foligno 5 (Frank Vatrano 11, Rasmus Andersson 24) at 13:11
4. Coyotes , Robby Fabbri 12 (Colin White 11, Darnell Nurse 19) at 14:09
5. Devils , Dylan Cozens 24 (Elias Pettersson 35, Zach Werenski 23) at 14:58
6. Devils , Frank Vatrano 13 (Zach Werenski 24) at 16:27
No Penalty
3rd period
7. Coyotes , Scott Laughton 18 (Mathieu Perreault 8) at 9:46 (SH)
Scott Laughton (ARI) for Hooking (Minor) at 5:55
Matt Duchene (ARI) for Interference (Minor) at 9:18
Dillon Dube (NJD) for Hooking (Minor) at 12:04
Goalie Stats
Kaapo Kahkonen (ARI), 30 saves from 34 shots - (0.882), L, 6-7-5, 59:25 minutes
Spencer Martin (NJD), 23 saves from 26 shots - (0.885), W, 6-13-1, 60:00 minutes
3 StarsOfficial
1 - Frank Vatrano (NJD)
2 - Nick Foligno (NJD)
3 - Zach Werenski (NJD)
Referees : Unknown
Linesman : Unknown
Game Note
No Game Note



Team Name Goals Shots Shots Attemp Shots Blocked PIM HIT PP PK FO%
Coyotes 32663114170 / 1 (0%)040%
Devils 43466102360 / 2 (0%)060%

Coyotes
Player Name POS G A P +/- PIM HIT SHT SB MP PP MP PP SHT PK MP PK SHT FO% FOT GA TA
Alexander BarabanovRW000-2010117:070:5600:000100% 100
Colin WhiteC0111001014:340:0000:00021% 1400
Darnell NurseD011-2002122:201:1200:0000% 010
Dylan DeMeloD000-1000119:300:4701:4600% 003
Evgeny KuznetsovC/LW/RW0110012015:481:0100:3400% 100
Ivan ProvorovD000-2000122:201:1200:0000% 001
Jason ZuckerLW/RW000-2030115:580:5600:000100% 100
Marco ScandellaD0002010118:100:0002:1200% 000
Mathieu PerreaultC/LW0110002010:440:0001:5400% 100
Matt DucheneC/LW/RW1010215016:471:0100:00043% 1400
Olli MaattaD0002000218:100:0002:1200% 002
Patric HornqvistLW/RW000-102209:180:0200:360100% 100
Robby FabbriC/LW/RW1011013116:520:0202:010100% 111
Scott LaughtonC/LW1012212116:150:0200:5010% 000
Steven LorentzC000-1002110:210:0002:01080% 510
T.J. BrodieD000-1010019:300:4701:4600% 001
Tomas TatarC/LW/RW000-2024015:580:5600:00029% 1401
Tyler ToffoliLW/RW0000031016:181:0100:0000% 010
Devils
Player Name POS G A P +/- PIM HIT SHT SB MP PP MP PP SHT PK MP PK SHT FO% FOT GA TA
Anton LundellC/LW0110013015:570:0000:00079% 1400
Dillon DubeC/LW/RW1010235015:490:0000:0000% 020
Dylan CozensC/RW1011025016:521:5800:00050% 411
Elias PetterssonC0110013117:482:0001:02047% 1720
Frank VatranoC/LW/RW112200208:070:0000:000100% 131
J.T. MillerC/LW/RW000-2021018:142:0001:02067% 1200
Jake EvansLW/RW000202008:070:0000:0000% 001
Josh BrownD000-1021120:070:0000:5000% 000
Kyle BurroughsD000-1040320:070:0000:5000% 000
Lassi ThomsonD0000020017:251:5601:0900% 000
Nick FolignoC/LW/RW101202218:070:0000:0000% 000
Nick PaulC/LW0000030015:490:0000:00050% 200
Rasmus AnderssonD0112002022:202:0200:0000% 000
Tage ThompsonC/LW/RW000-2023118:102:0000:5700% 010
Trevor MooreLW0001021016:521:5800:0000% 100
Ty SmithD0000032017:331:5601:0900% 001
Tyler BertuzziLW/RW000-1042018:161:5800:57050% 200
Zach WerenskiD0222012322:202:0200:0000% 000

Coyotes

5 vs 5 Forward
Line #Left WingCenterRight WingPHYDFOFWanted %Time %Time Play
1Tyler ToffoliMatt DucheneEvgeny Kuznetsov2123028%14:58
2Jason ZuckerTomas TatarAlexander Barabanov2123028%15:02
3Scott LaughtonColin WhiteRobby Fabbri2123028%14:34
4Mathieu PerreaultSteven LorentzPatric Hornqvist2121016%8:20
5 vs 5 Defense
Line #DefenseDefensePHYDFOFWanted %Time %Time Play
1Darnell NurseIvan Provorov2213029%15:35
2T.J. BrodieDylan DeMelo2213032%16:57
3Olli MaattaMarco Scandella2213030%15:58
4Darnell NurseIvan Provorov221108%4:24
Power Play Forward
Line #Left WingCenterRight WingPHYDFOFWanted %Time %Time Play
1Tyler ToffoliMatt DucheneEvgeny Kuznetsov2125053%1:03
2Jason ZuckerTomas TatarAlexander Barabanov2125047%0:56
Power Play Defense
Line #DefenseDefensePHYDFOFWanted %Time %Time Play
1Darnell NurseIvan Provorov2215061%1:12
2T.J. BrodieDylan DeMelo2215039%0:47
Penalty Kill 4 Players Forward
Line #CenterWingPHYDFOFWanted %Time %Time Play
1Mathieu PerreaultScott Laughton2125049%1:57
2Steven LorentzRobby Fabbri2125051%2:01
Penalty Kill 4 Players Defense
Line #DefenseDefensePHYDFOFWanted %Time %Time Play
1Marco ScandellaOlli Maatta2215055%2:12
2T.J. BrodieDylan DeMelo2215045%1:46
Penalty Kill 3 Players
Line #WingPHYDFOFWanted %Time %Time PlayDefenseDefensePHYDFOFWanted %Time %Time Play
1Mathieu Perreault212500%0:00 Marco ScandellaOlli Maatta221500%0:00
2Steven Lorentz212500%0:00 T.J. BrodieDylan DeMelo221500%0:00
4 vs 4 Forward
Line #CenterWingPHYDFOFWanted %Time %Time Play
1Matt DucheneTyler Toffoli212500%0:00
2Evgeny KuznetsovAlexander Barabanov212500%0:00
4 vs 4 Defense
Line #DefensePHYDFOFWanted %Time %Time Play
1Darnell NurseIvan Provorov221500%0:00
2T.J. BrodieDylan DeMelo221500%0:00
Last Minutes Offensive
Left WingCenterRight WingDefenseDefense
Tyler ToffoliMatt DucheneAlexander BarabanovDarnell NurseIvan Provorov
Last Minutes Defensive
Left WingCenterRight WingDefenseDefense
Tyler ToffoliMatt DucheneEvgeny KuznetsovT.J. BrodieDylan DeMelo
Time
Total ForwardTotal DefenseLast Minutes OffensiveLast Minutes Defensive
60:00 60:00 1:090:00
Extra Forwards
Normal PowerPlayPenalty Kill
Robby Fabbri, Steven Lorentz, Patric HornqvistRobby Fabbri, Scott LaughtonPatric Hornqvist
Extra Defensemen
Normal PowerPlayPenalty Kill
Olli Maatta, Marco Scandella, Dylan DeMeloOlli Maatta, Dylan DeMeloMarco Scandella
Penalty Shots
Matt Duchene, Evgeny Kuznetsov, Tomas Tatar, Tyler Toffoli, Scott Laughton
Goalie
Kaapo Kahkonen, Vitek Vanecek
Custom OT Lines Forwards
Tyler Toffoli, Matt Duchene, Evgeny Kuznetsov, Alexander Barabanov, Tomas Tatar, Jason Zucker, Scott Laughton, Mathieu Perreault, Patric Hornqvist, Colin White
Custom OT Lines Defensemen
Darnell Nurse, Ivan Provorov, T.J. Brodie, Dylan DeMelo, Olli Maatta
Scratches
Brendan Smith (Healthy), Devin Shore (Healthy), Haydn Fleury (Healthy)

Devils

5 vs 5 Forward
Line #Left WingCenterRight WingPHYDFOFWanted %Time %Time Play
1Tage ThompsonJ.T. MillerTyler Bertuzzi1223027%14:04
2Trevor MooreElias PetterssonDylan Cozens1223028%14:55
3Nick PaulAnton LundellDillon Dube1223030%15:49
4Nick FolignoFrank VatranoJake Evans1221015%8:07
5 vs 5 Defense
Line #DefenseDefensePHYDFOFWanted %Time %Time Play
1Rasmus AnderssonZach Werenski1223535%18:28
2Kyle BurroughsJosh Brown1223536%19:16
3Ty SmithLassi Thomson1223027%14:28
4Rasmus AnderssonZach Werenski12201%0:43
Power Play Forward
Line #Left WingCenterRight WingPHYDFOFWanted %Time %Time Play
1Tage ThompsonElias PetterssonJ.T. Miller1225050%2:00
2Trevor MooreDylan CozensTyler Bertuzzi1225050%1:58
Power Play Defense
Line #DefenseDefensePHYDFOFWanted %Time %Time Play
1Rasmus AnderssonZach Werenski1225051%2:02
2Lassi ThomsonTy Smith1225049%1:56
Penalty Kill 4 Players Forward
Line #CenterWingPHYDFOFWanted %Time %Time Play
1J.T. MillerElias Pettersson1225052%1:02
2Tage ThompsonTyler Bertuzzi1225048%0:57
Penalty Kill 4 Players Defense
Line #DefenseDefensePHYDFOFWanted %Time %Time Play
1Josh BrownKyle Burroughs1225042%0:50
2Ty SmithLassi Thomson1225058%1:09
Penalty Kill 3 Players
Line #WingPHYDFOFWanted %Time %Time PlayDefenseDefensePHYDFOFWanted %Time %Time Play
1J.T. Miller122500%0:00 Rasmus AnderssonZach Werenski122500%0:00
2Elias Pettersson122500%0:00 Kyle BurroughsJosh Brown122500%0:00
4 vs 4 Forward
Line #CenterWingPHYDFOFWanted %Time %Time Play
1J.T. MillerElias Pettersson122500%0:00
2Tage ThompsonTyler Bertuzzi122500%0:00
4 vs 4 Defense
Line #DefensePHYDFOFWanted %Time %Time Play
1Rasmus AnderssonZach Werenski122500%0:00
2Kyle BurroughsJosh Brown122500%0:00
Last Minutes Offensive
Left WingCenterRight WingDefenseDefense
Tage ThompsonJ.T. MillerTyler BertuzziRasmus AnderssonZach Werenski
Last Minutes Defensive
Left WingCenterRight WingDefenseDefense
Tage ThompsonJ.T. MillerTyler BertuzziRasmus AnderssonZach Werenski
Time
Total ForwardTotal DefenseLast Minutes OffensiveLast Minutes Defensive
60:00 60:00 0:001:08
Extra Forwards
Normal PowerPlayPenalty Kill
Anton Lundell, Nick Paul, Dillon DubeAnton Lundell, Nick PaulDillon Dube
Extra Defensemen
Normal PowerPlayPenalty Kill
Ty Smith, Lassi Thomson, Kyle BurroughsTy Smith, Lassi ThomsonKyle Burroughs
Penalty Shots
J.T. Miller, Elias Pettersson, Tage Thompson, Tyler Bertuzzi, Dylan Cozens
Goalie
Spencer Martin, Thatcher Demko
Custom OT Lines Forwards
J.T. Miller, Elias Pettersson, Tage Thompson, Tyler Bertuzzi, Dylan Cozens, Trevor Moore, Anton Lundell, Nick Paul, Dillon Dube, Frank Vatrano
Custom OT Lines Defensemen
Rasmus Andersson, Zach Werenski, Kyle Burroughs, Josh Brown, Ty Smith
Scratches
Brad Lambert (Healthy), Domenick Fensore (Healthy)


Play-by-Play

1st period


0:01 of 1st period - J.T. Miller wins face-off versus Matt Duchene in neutral zone.
0:06 of 1st period - Wrist shot by Tyler Bertuzzi.
0:06 of 1st period - Stopped by Kaapo Kahkonen without a rebound.
0:07 of 1st period - Tyler Bertuzzi wins face-off versus Matt Duchene in Coyotes zone.
0:20 of 1st period - Off-side.
0:21 of 1st period - Tomas Tatar wins face-off versus Dylan Cozens in neutral zone.
0:29 of 1st period - Icing by Kyle Burroughs.
0:30 of 1st period - Elias Pettersson wins face-off versus Tomas Tatar in Devils zone.
0:49 of 1st period - Snap shot by Jason Zucker.
0:49 of 1st period - Shot Misses the Net.
0:51 of 1st period - Slapshot by T.J. Brodie.
0:51 of 1st period - Shot Blocked by Josh Brown.
0:55 of 1st period - Wrist shot by Tomas Tatar.
0:55 of 1st period - Shot Blocked by Elias Pettersson.
0:57 of 1st period - Wrist shot by Tomas Tatar.
0:57 of 1st period - Stopped by Spencer Martin without a rebound.
0:58 of 1st period - Anton Lundell wins face-off versus Colin White in Devils zone.
1:13 of 1st period - Snap shot by Dillon Dube.
1:13 of 1st period - Stopped by Kaapo Kahkonen with a rebound.
2:35 of 1st period - Slapshot by Anton Lundell.
2:35 of 1st period - Shot Blocked by Robby Fabbri.
2:45 of 1st period - Wrist shot by Mathieu Perreault.
2:45 of 1st period - Stopped by Spencer Martin with a rebound.
3:39 of 1st period - Darnell Nurse is hit by Trevor Moore and loses puck.
3:56 of 1st period - Snap shot by Dillon Dube.
3:56 of 1st period - Shot Misses the Net.
4:12 of 1st period - Darnell Nurse is hit by Tage Thompson and loses puck.
4:31 of 1st period - Wrist shot by Matt Duchene.
4:31 of 1st period - Stopped by Spencer Martin with a rebound.
4:35 of 1st period - Slapshot by Evgeny Kuznetsov.
4:35 of 1st period - Deflect By Matt Duchene.
4:35 of 1st period - Shot Misses the Net.
4:35 of 1st period - Puck is out of play.
4:36 of 1st period - Anton Lundell wins face-off versus Colin White in Devils zone.
5:13 of 1st period - Wrist shot by Jason Zucker.
5:13 of 1st period - Shot Misses the Net.
6:13 of 1st period - Snap shot by Dillon Dube.
6:13 of 1st period - Stopped by Kaapo Kahkonen with a rebound.
6:15 of 1st period - Snap shot by Nick Paul.
6:15 of 1st period - Shot Blocked by Olli Maatta.
6:26 of 1st period - Icing by Marco Scandella.
6:27 of 1st period - J.T. Miller wins face-off versus Tomas Tatar in Coyotes zone.
7:26 of 1st period - Snap shot by Tomas Tatar.
7:26 of 1st period - Stopped by Spencer Martin without a rebound.
7:27 of 1st period - Matt Duchene wins face-off versus Anton Lundell in Devils zone.
7:27 of 1st period - Matt Duchene is hit by Josh Brown.
7:53 of 1st period - Scott Laughton is hit by Kyle Burroughs and loses puck.
8:00 of 1st period - Wrist shot by Dylan Cozens.
8:00 of 1st period - Stopped by Kaapo Kahkonen with a rebound.
8:16 of 1st period - Slapshot by Darnell Nurse.
8:16 of 1st period - Shot Blocked by Nick Foligno.
8:18 of 1st period - Slapshot by Ivan Provorov.
8:18 of 1st period - Shot Misses the Net.
8:20 of 1st period - Wrist shot by Patric Hornqvist.
8:20 of 1st period - Stopped by Spencer Martin with a rebound.
8:22 of 1st period - Slapshot by Darnell Nurse.
8:22 of 1st period - Shot Misses the Net.
8:36 of 1st period - Snap shot by Matt Duchene.
8:36 of 1st period - Stopped by Spencer Martin with a rebound.
9:20 of 1st period - Wrist shot by Robby Fabbri.
9:20 of 1st period - Stopped by Spencer Martin with a rebound.
9:38 of 1st period - Snap shot by Evgeny Kuznetsov.
9:38 of 1st period - Stopped by Spencer Martin with a rebound.
10:59 of 1st period - Snap shot by Evgeny Kuznetsov.
10:59 of 1st period - Shot Misses the Net.
11:15 of 1st period - Slapshot by J.T. Miller.
11:15 of 1st period - Stopped by Kaapo Kahkonen with a rebound.
11:17 of 1st period - Snap shot by Tyler Bertuzzi.
11:17 of 1st period - Shot Misses the Net.
11:29 of 1st period - Wrist shot by Matt Duchene.
11:29 of 1st period - Goal by Matt Duchene - Coyotes : 1 - Devils : 0.
11:30 of 1st period - Robby Fabbri wins face-off versus Trevor Moore in neutral zone.
12:03 of 1st period - Wrist shot by Anton Lundell.
12:03 of 1st period - Shot Misses the Net.
12:05 of 1st period - Wrist shot by Anton Lundell.
12:05 of 1st period - Shot Misses the Net.
12:15 of 1st period - Wrist shot by Matt Duchene.
12:15 of 1st period - Shot Misses the Net.
12:17 of 1st period - Wrist shot by Tyler Toffoli.
12:17 of 1st period - Stopped by Spencer Martin without a rebound.
12:18 of 1st period - J.T. Miller wins face-off versus Matt Duchene in Devils zone.
12:55 of 1st period - Icing by Zach Werenski.
12:56 of 1st period - Matt Duchene wins face-off versus Elias Pettersson in Devils zone.
12:57 of 1st period - Wrist shot by Evgeny Kuznetsov.
12:57 of 1st period - Shot Blocked by Zach Werenski.
13:13 of 1st period - Tyler Toffoli is hit by Dylan Cozens and loses puck.
13:30 of 1st period - Scott Laughton is hit by Nick Paul and loses puck.
13:49 of 1st period - Colin White is hit by Jake Evans and loses puck.
14:00 of 1st period - Slapshot by Nick Foligno.
14:00 of 1st period - Stopped by Kaapo Kahkonen without a rebound.
14:01 of 1st period - Anton Lundell wins face-off versus Tomas Tatar in Coyotes zone.
14:04 of 1st period - Wrist shot by Dillon Dube.
14:04 of 1st period - Stopped by Kaapo Kahkonen without a rebound.
14:05 of 1st period - Nick Paul wins face-off versus Tomas Tatar in Coyotes zone.
14:08 of 1st period - Slapshot by Dillon Dube.
14:08 of 1st period - Stopped by Kaapo Kahkonen without a rebound.
14:09 of 1st period - Tomas Tatar wins face-off versus Anton Lundell in Coyotes zone.
14:41 of 1st period - Wrist shot by Anton Lundell.
14:41 of 1st period - Stopped by Kaapo Kahkonen with a rebound.
14:49 of 1st period - Wrist shot by Anton Lundell.
14:49 of 1st period - Stopped by Kaapo Kahkonen with a rebound.
14:51 of 1st period - Slapshot by Ty Smith.
14:51 of 1st period - Stopped by Kaapo Kahkonen with a rebound.
14:53 of 1st period - Wrist shot by Anton Lundell.
14:53 of 1st period - Deflect By Dillon Dube.
14:53 of 1st period - Shot Misses the Net.
14:53 of 1st period - Puck is out of play.
14:54 of 1st period - Elias Pettersson wins face-off versus Colin White in Coyotes zone.
14:55 of 1st period - Snap shot by Dylan Cozens.
14:55 of 1st period - Shot Misses the Net.
14:57 of 1st period - Slapshot by Rasmus Andersson.
14:57 of 1st period - Shot Blocked by Ivan Provorov.
14:59 of 1st period - Wrist shot by Elias Pettersson.
14:59 of 1st period - Stopped by Kaapo Kahkonen with a rebound.
15:01 of 1st period - Slapshot by Zach Werenski.
15:01 of 1st period - Shot Misses the Net.
15:03 of 1st period - Slapshot by Zach Werenski.
15:03 of 1st period - Stopped by Kaapo Kahkonen with a rebound.
15:05 of 1st period - Snap shot by Dylan Cozens.
15:05 of 1st period - Shot Misses the Net.
15:07 of 1st period - Snap shot by Trevor Moore.
15:07 of 1st period - Shot Misses the Net.
15:09 of 1st period - Slapshot by Rasmus Andersson.
15:09 of 1st period - Shot Blocked by Darnell Nurse.
15:19 of 1st period - Rasmus Andersson is hit by Tyler Toffoli and loses puck.
15:46 of 1st period - Snap shot by Zach Werenski.
15:46 of 1st period - Shot Misses the Net.
15:48 of 1st period - Wrist shot by Jake Evans.
15:48 of 1st period - Shot Misses the Net.
15:50 of 1st period - Snap shot by Rasmus Andersson.
15:50 of 1st period - Deflect By Frank Vatrano.
15:50 of 1st period - Shot Blocked by Steven Lorentz.
15:50 of 1st period - Puck is out of play.
15:51 of 1st period - Colin White wins face-off versus Elias Pettersson in Coyotes zone.
15:51 of 1st period - Robby Fabbri is hit by Kyle Burroughs and loses puck.
16:16 of 1st period - J.T. Miller is hit by Tyler Toffoli and loses puck.
16:49 of 1st period - Slapshot by Tomas Tatar.
16:49 of 1st period - Stopped by Spencer Martin without a rebound.
16:50 of 1st period - Elias Pettersson wins face-off versus Colin White in Devils zone.
17:15 of 1st period - Matt Duchene is hit by Tyler Bertuzzi and loses puck.
17:38 of 1st period - Backhand shot by Matt Duchene.
17:38 of 1st period - Shot Blocked by Kyle Burroughs.
18:00 of 1st period - Olli Maatta is hit by Elias Pettersson and loses puck.
18:07 of 1st period - Wrist shot by Dylan Cozens.
18:07 of 1st period - Shot Blocked by Marco Scandella.
18:09 of 1st period - Slapshot by Dylan Cozens.
18:09 of 1st period - Shot Blocked by Olli Maatta.
18:38 of 1st period - Snap shot by Evgeny Kuznetsov.
18:38 of 1st period - Shot Misses the Net.
18:48 of 1st period - Snap shot by Matt Duchene.
18:48 of 1st period - Stopped by Spencer Martin with a rebound.
19:00 of 1st period - Icing by T.J. Brodie.
19:01 of 1st period - Alexander Barabanov wins face-off versus Nick Paul in Coyotes zone.
19:18 of 1st period - Snap shot by Tomas Tatar.
19:18 of 1st period - Deflect By Anton Lundell.
19:18 of 1st period - Shot Misses the Net.
19:18 of 1st period - Puck is out of play.
19:19 of 1st period - Elias Pettersson wins face-off versus Colin White in Devils zone.
19:53 of 1st period - Snap shot by Matt Duchene.
19:53 of 1st period - Shot Misses the Net.
Goals for this period are 1 for Coyotes vs 0 for Devils.
Shots for this period are 12 for Coyotes vs 13 for Devils.

2nd period


0:01 of 2nd period - Colin White wins face-off versus Elias Pettersson in neutral zone.
0:51 of 2nd period - Dillon Dube is hit by Alexander Barabanov and loses puck.
1:12 of 2nd period - Snap shot by Matt Duchene.
1:12 of 2nd period - Shot Blocked by Zach Werenski.
1:14 of 2nd period - Snap shot by Matt Duchene.
1:14 of 2nd period - Shot Blocked by Zach Werenski.
1:16 of 2nd period - Snap shot by Evgeny Kuznetsov.
1:16 of 2nd period - Stopped by Spencer Martin with a rebound.
1:18 of 2nd period - Slapshot by Dylan DeMelo.
1:18 of 2nd period - Shot Misses the Net.
1:27 of 2nd period - Off-side.
1:28 of 2nd period - Steven Lorentz wins face-off versus Elias Pettersson in neutral zone.
1:33 of 2nd period - Slapshot by Darnell Nurse.
1:33 of 2nd period - Shot Misses the Net.
1:35 of 2nd period - Snap shot by Darnell Nurse.
1:35 of 2nd period - Shot Misses the Net.
1:52 of 2nd period - Off-side.
1:53 of 2nd period - Anton Lundell wins face-off versus Matt Duchene in neutral zone.
1:56 of 2nd period - Olli Maatta is hit by Dillon Dube and loses puck.
2:01 of 2nd period - Wrist shot by Dillon Dube.
2:01 of 2nd period - Shot Misses the Net.
2:19 of 2nd period - Jason Zucker is hit by Tage Thompson and loses puck.
2:42 of 2nd period - Snap shot by Tyler Bertuzzi.
2:42 of 2nd period - Stopped by Kaapo Kahkonen without a rebound.
2:43 of 2nd period - Elias Pettersson wins face-off versus Colin White in Coyotes zone.
3:04 of 2nd period - Elias Pettersson is hit by Scott Laughton and loses puck.
3:15 of 2nd period - Wrist shot by Scott Laughton.
3:15 of 2nd period - Shot Misses the Net.
3:47 of 2nd period - Wrist shot by Dylan Cozens.
3:47 of 2nd period - Stopped by Kaapo Kahkonen with a rebound.
3:55 of 2nd period - Slapshot by Robby Fabbri.
3:55 of 2nd period - Stopped by Spencer Martin with a rebound.
3:57 of 2nd period - Slapshot by Robby Fabbri.
3:57 of 2nd period - Shot Hit the Post.
3:59 of 2nd period - Slapshot by Darnell Nurse.
3:59 of 2nd period - Shot Misses the Net.
4:01 of 2nd period - Wrist shot by Scott Laughton.
4:01 of 2nd period - Stopped by Spencer Martin with a rebound.
4:03 of 2nd period - Slapshot by Darnell Nurse.
4:03 of 2nd period - Stopped by Spencer Martin without a rebound.
4:04 of 2nd period - Anton Lundell wins face-off versus Tomas Tatar in Devils zone.
4:04 of 2nd period - Anton Lundell is hit by Jason Zucker.
4:18 of 2nd period - Snap shot by Alexander Barabanov.
4:18 of 2nd period - Shot Misses the Net.
4:39 of 2nd period - Snap shot by Matt Duchene.
4:39 of 2nd period - Stopped by Spencer Martin with a rebound.
4:53 of 2nd period - Marco Scandella is hit by Nick Foligno and loses puck.
5:22 of 2nd period - Josh Brown is hit by Tyler Toffoli and loses puck.
5:55 of 2nd period - Ty Smith is hit by Evgeny Kuznetsov and loses puck.
7:49 of 2nd period - Patric Hornqvist is hit by Tyler Bertuzzi and loses puck.
8:02 of 2nd period - Matt Duchene is hit by Trevor Moore and loses puck.
8:21 of 2nd period - Alexander Barabanov is hit by Jake Evans.
8:25 of 2nd period - Zach Werenski is hit by T.J. Brodie and loses puck.
8:53 of 2nd period - Scott Laughton is hit by J.T. Miller.
9:03 of 2nd period - Colin White is hit by J.T. Miller and loses puck.
9:23 of 2nd period - Snap shot by Mathieu Perreault.
9:23 of 2nd period - Stopped by Spencer Martin with a rebound.
9:40 of 2nd period - Snap shot by Dillon Dube.
9:40 of 2nd period - Shot Misses the Net.
10:32 of 2nd period - Slapshot by J.T. Miller.
10:32 of 2nd period - Shot Blocked by Scott Laughton.
10:34 of 2nd period - Wrist shot by J.T. Miller.
10:34 of 2nd period - Shot Misses the Net.
10:36 of 2nd period - Wrist shot by Tage Thompson.
10:36 of 2nd period - Stopped by Kaapo Kahkonen without a rebound.
10:37 of 2nd period - Anton Lundell wins face-off versus Tomas Tatar in Coyotes zone.
10:38 of 2nd period - Snap shot by Dillon Dube.
10:38 of 2nd period - Goal by Dillon Dube - Coyotes : 1 - Devils : 1.
10:39 of 2nd period - Anton Lundell wins face-off versus Tomas Tatar in neutral zone.
10:42 of 2nd period - Ivan Provorov is hit by Anton Lundell.
10:52 of 2nd period - Wrist shot by Dillon Dube.
10:52 of 2nd period - Shot Blocked by Jason Zucker.
10:54 of 2nd period - Slapshot by Ty Smith.
10:54 of 2nd period - Stopped by Kaapo Kahkonen without a rebound.
10:55 of 2nd period - J.T. Miller wins face-off versus Matt Duchene in Coyotes zone.
11:45 of 2nd period - Kyle Burroughs is hit by Patric Hornqvist and loses puck.
11:56 of 2nd period - Wrist shot by Patric Hornqvist.
11:56 of 2nd period - Shot Blocked by Kyle Burroughs.
11:58 of 2nd period - Slapshot by Olli Maatta.
11:58 of 2nd period - Shot Misses the Net.
12:07 of 2nd period - Off-side.
12:08 of 2nd period - Elias Pettersson wins face-off versus Colin White in neutral zone.
12:19 of 2nd period - Robby Fabbri is hit by Lassi Thomson and loses puck.
12:57 of 2nd period - Snap shot by Frank Vatrano.
12:57 of 2nd period - Stopped by Kaapo Kahkonen without a rebound.
12:58 of 2nd period - Frank Vatrano wins face-off versus Tomas Tatar in Coyotes zone.
13:03 of 2nd period - Wrist shot by Frank Vatrano.
13:03 of 2nd period - Shot Blocked by Alexander Barabanov.
13:07 of 2nd period - Snap shot by Rasmus Andersson.
13:07 of 2nd period - Stopped by Kaapo Kahkonen with a rebound.
13:09 of 2nd period - Snap shot by Frank Vatrano.
13:09 of 2nd period - Shot Misses the Net.
13:11 of 2nd period - Slapshot by Nick Foligno.
13:11 of 2nd period - Goal by Nick Foligno - Coyotes : 1 - Devils : 2.
13:12 of 2nd period - J.T. Miller wins face-off versus Matt Duchene in neutral zone.
14:05 of 2nd period - Snap shot by Robby Fabbri.
14:05 of 2nd period - Shot Misses the Net.
14:07 of 2nd period - Slapshot by Colin White.
14:07 of 2nd period - Stopped by Spencer Martin with a rebound.
14:09 of 2nd period - Wrist shot by Robby Fabbri.
14:09 of 2nd period - Goal by Robby Fabbri - Coyotes : 2 - Devils : 2.
14:10 of 2nd period - Matt Duchene wins face-off versus J.T. Miller in neutral zone.
14:15 of 2nd period - Wrist shot by Matt Duchene.
14:15 of 2nd period - Shot Misses the Net.
14:23 of 2nd period - Wrist shot by Tage Thompson.
14:23 of 2nd period - Stopped by Kaapo Kahkonen with a rebound.
14:25 of 2nd period - Slapshot by Zach Werenski.
14:25 of 2nd period - Stopped by Kaapo Kahkonen with a rebound.
14:27 of 2nd period - Slapshot by Rasmus Andersson.
14:27 of 2nd period - Deflect By Evgeny Kuznetsov.
14:27 of 2nd period - Stopped by Kaapo Kahkonen without a rebound.
14:28 of 2nd period - Tomas Tatar wins face-off versus Anton Lundell in Coyotes zone.
14:28 of 2nd period - Tomas Tatar is hit by Kyle Burroughs.
14:44 of 2nd period - Wrist shot by Anton Lundell.
14:44 of 2nd period - Stopped by Kaapo Kahkonen without a rebound.
14:45 of 2nd period - Matt Duchene wins face-off versus Elias Pettersson in Coyotes zone.
14:56 of 2nd period - Wrist shot by Dylan Cozens.
14:56 of 2nd period - Stopped by Kaapo Kahkonen with a rebound.
14:58 of 2nd period - Snap shot by Dylan Cozens.
14:58 of 2nd period - Goal by Dylan Cozens - Coyotes : 2 - Devils : 3.
14:59 of 2nd period - Anton Lundell wins face-off versus Colin White in neutral zone.
15:02 of 2nd period - Dylan DeMelo is hit by Nick Paul and loses puck.
15:25 of 2nd period - Tomas Tatar is hit by Lassi Thomson.
15:47 of 2nd period - Darnell Nurse is hit by Josh Brown and loses puck.
16:06 of 2nd period - Mathieu Perreault is hit by Dillon Dube and loses puck.
16:27 of 2nd period - Wrist shot by Frank Vatrano.
16:27 of 2nd period - Goal by Frank Vatrano - Coyotes : 2 - Devils : 4.
16:28 of 2nd period - Dylan Cozens wins face-off versus Evgeny Kuznetsov in neutral zone.
16:32 of 2nd period - Zach Werenski is hit by Matt Duchene and loses puck.
16:56 of 2nd period - Snap shot by Tomas Tatar.
16:56 of 2nd period - Deflect By Alexander Barabanov.
16:56 of 2nd period - Shot Misses the Net.
16:56 of 2nd period - Puck is out of play.
16:57 of 2nd period - J.T. Miller wins face-off versus Tomas Tatar in Devils zone.
17:40 of 2nd period - Off-side.
17:41 of 2nd period - Matt Duchene wins face-off versus Elias Pettersson in neutral zone.
18:14 of 2nd period - Scott Laughton is hit by Tyler Bertuzzi and loses puck.
18:30 of 2nd period - Wrist shot by Steven Lorentz.
18:30 of 2nd period - Shot Misses the Net.
18:50 of 2nd period - Wrist shot by Elias Pettersson.
18:50 of 2nd period - Stopped by Kaapo Kahkonen with a rebound.
19:53 of 2nd period - Off-side.
19:54 of 2nd period - J.T. Miller wins face-off versus Colin White in neutral zone.
Goals for this period are 1 for Coyotes vs 4 for Devils.
Shots for this period are 8 for Coyotes vs 16 for Devils.

3rd period


0:01 of 3rd period - Tomas Tatar wins face-off versus J.T. Miller in neutral zone.
1:19 of 3rd period - Wrist shot by Steven Lorentz.
1:19 of 3rd period - Stopped by Spencer Martin without a rebound.
1:20 of 3rd period - Patric Hornqvist wins face-off versus Elias Pettersson in Devils zone.
1:21 of 3rd period - Wrist shot by Steven Lorentz.
1:21 of 3rd period - Stopped by Spencer Martin with a rebound.
1:23 of 3rd period - Snap shot by Patric Hornqvist.
1:23 of 3rd period - Stopped by Spencer Martin without a rebound.
1:24 of 3rd period - Colin White wins face-off versus Dylan Cozens in Devils zone.
1:33 of 3rd period - Wrist shot by Scott Laughton.
1:33 of 3rd period - Shot Misses the Net.
1:37 of 3rd period - Snap shot by Scott Laughton.
1:37 of 3rd period - Shot Misses the Net.
1:39 of 3rd period - Wrist shot by Colin White.
1:39 of 3rd period - Shot Blocked by Kyle Burroughs.
2:21 of 3rd period - Snap shot by Tomas Tatar.
2:21 of 3rd period - Shot Blocked by Tage Thompson.
2:33 of 3rd period - Darnell Nurse is hit by Kyle Burroughs and loses puck.
3:04 of 3rd period - Nick Foligno is hit by Robby Fabbri and loses puck.
3:37 of 3rd period - Tomas Tatar is hit by Ty Smith and loses puck.
3:59 of 3rd period - Off-side.
4:00 of 3rd period - Steven Lorentz wins face-off versus Elias Pettersson in neutral zone.
4:07 of 3rd period - Wrist shot by Mathieu Perreault.
4:07 of 3rd period - Shot Misses the Net.
4:25 of 3rd period - Robby Fabbri is hit by Nick Paul and loses puck.
4:34 of 3rd period - Icing by Dillon Dube.
4:35 of 3rd period - Anton Lundell wins face-off versus Tomas Tatar in Devils zone.
4:35 of 3rd period - Anton Lundell is hit by Tomas Tatar.
4:45 of 3rd period - Wrist shot by Tomas Tatar.
4:45 of 3rd period - Stopped by Spencer Martin without a rebound.
4:46 of 3rd period - Jason Zucker wins face-off versus J.T. Miller in Devils zone.
4:56 of 3rd period - Tomas Tatar is hit by Tyler Bertuzzi and loses puck.
5:18 of 3rd period - Slapshot by Darnell Nurse.
5:18 of 3rd period - Stopped by Spencer Martin with a rebound.
5:35 of 3rd period - Icing by Zach Werenski.
5:36 of 3rd period - Elias Pettersson wins face-off versus Colin White in Devils zone.
5:36 of 3rd period - Elias Pettersson is hit by Marco Scandella.
5:55 of 3rd period - Minor Penalty to Scott Laughton for Hooking.
5:56 of 3rd period - Elias Pettersson wins face-off versus Mathieu Perreault in Coyotes zone.
6:04 of 3rd period - Snap shot by Elias Pettersson.
6:04 of 3rd period - Shot Misses the Net.
6:22 of 3rd period - Olli Maatta is hit by Zach Werenski and loses puck.
7:11 of 3rd period - Evgeny Kuznetsov is hit by Dylan Cozens and loses puck.
7:55 of 3rd period - Penalty to Scott Laughton is over, Scott Laughton is back on ice.
7:55 of 3rd period - Rasmus Andersson is hit by Patric Hornqvist.
8:09 of 3rd period - Snap shot by Dillon Dube.
8:09 of 3rd period - Shot Blocked by Dylan DeMelo.
9:08 of 3rd period - Jake Evans is hit by Jason Zucker and loses puck.
9:18 of 3rd period - Minor Penalty to Matt Duchene for Interference.
9:19 of 3rd period - Dylan Cozens wins face-off versus Steven Lorentz in Coyotes zone.
9:28 of 3rd period - Snap shot by Tyler Bertuzzi.
9:28 of 3rd period - Shot Misses the Net.
9:30 of 3rd period - Snap shot by Tyler Bertuzzi.
9:30 of 3rd period - Deflect By Dylan Cozens.
9:30 of 3rd period - Shot Misses the Net.
9:30 of 3rd period - Puck is out of play.
9:31 of 3rd period - Steven Lorentz wins face-off versus Elias Pettersson in Coyotes zone.
9:46 of 3rd period - Backhand shot by Scott Laughton.
9:46 of 3rd period - Goal by Scott Laughton - Coyotes : 3 - Devils : 4.
9:47 of 3rd period - Steven Lorentz wins face-off versus Tyler Bertuzzi in neutral zone.
10:20 of 3rd period - Wrist shot by Elias Pettersson.
10:20 of 3rd period - Shot Hit the Post.
11:18 of 3rd period - Penalty to Matt Duchene is over, Matt Duchene is back on ice.
11:28 of 3rd period - Scott Laughton is hit by Nick Foligno and loses puck.
12:04 of 3rd period - Minor Penalty to Dillon Dube for Hooking.
12:05 of 3rd period - J.T. Miller wins face-off versus Matt Duchene in Devils zone.
12:37 of 3rd period - J.T. Miller is hit by Tomas Tatar.
12:41 of 3rd period - Ty Smith is hit by Jason Zucker and loses puck.
14:04 of 3rd period - Penalty to Dillon Dube is over, Dillon Dube is back on ice.
15:02 of 3rd period - Icing by Kyle Burroughs.
15:03 of 3rd period - Anton Lundell wins face-off versus Matt Duchene in Devils zone.
15:26 of 3rd period - Marco Scandella is hit by Dillon Dube and loses puck.
15:35 of 3rd period - Slapshot by Anton Lundell.
15:35 of 3rd period - Shot Misses the Net.
15:37 of 3rd period - Wrist shot by Dillon Dube.
15:37 of 3rd period - Shot Misses the Net.
15:39 of 3rd period - Wrist shot by Josh Brown.
15:39 of 3rd period - Stopped by Kaapo Kahkonen with a rebound.
15:53 of 3rd period - Marco Scandella is hit by Ty Smith and loses puck.
16:08 of 3rd period - Marco Scandella is hit by Ty Smith and loses puck.
16:49 of 3rd period - Slapshot by Elias Pettersson.
16:49 of 3rd period - Stopped by Kaapo Kahkonen with a rebound.
16:51 of 3rd period - Snap shot by Dylan Cozens.
16:51 of 3rd period - Stopped by Kaapo Kahkonen with a rebound.
16:53 of 3rd period - Snap shot by Trevor Moore.
16:53 of 3rd period - Stopped by Kaapo Kahkonen with a rebound.
17:09 of 3rd period - Slapshot by Tage Thompson.
17:09 of 3rd period - Stopped by Kaapo Kahkonen without a rebound.
17:10 of 3rd period - Anton Lundell wins face-off versus Colin White in Coyotes zone.
18:05 of 3rd period - Snap shot by Tomas Tatar.
18:05 of 3rd period - Shot Misses the Net.
18:07 of 3rd period - Wrist shot by Tomas Tatar.
18:07 of 3rd period - Shot Misses the Net.
19:23 of 3rd period - Icing by Tage Thompson.
19:24 of 3rd period - Matt Duchene wins face-off versus J.T. Miller in Devils zone.
19:25 of 3rd period - Coyotes, Kaapo Kahkonen is pulled from the net.
Goals for this period are 1 for Coyotes vs 0 for Devils.
Shots for this period are 6 for Coyotes vs 5 for Devils.